 Dungeon Crawl Stone Soup version 0.30-a0-394-g3e4acdb (webtiles) character file.

Game seed: 13335361683374615582

2409817 dontdoit the Petrodigitator (level 27, 143/143 HPs)
             Began as a Gargoyle Earth Elementalist on Dec 4, 2022.
             Was the Champion of Vehumet.
             Escaped with the Orb
             ... and 4 runes on Dec 6, 2022!
             The game lasted 06:07:09 (68453 turns).

dontdoit the Petrodigitator (GrEE)                 Turns: 68453, Time: 06:07:10

Health: 143/143    AC: 41    Str: 16      XL:     27
Magic:  42/42      EV: 19    Int: 41 (43) God:    Vehumet [******]
Gold:   8474       SH: 28    Dex: 19 (21) Spells: 7/74 levels left

rFire   + . .      SeeInvis +    F - staff of earth
rCold   + . .      Faith    .    W - +8 tower shield {reflect}
rNeg    + . .      Spirit   .    M - quicksilver dragon scales
rPois   ∞          Reflect  +    s - +2 hat {Int+3}
rElec   +          Harm     .    j - scarf {rC+ rF+}
rCorr   .          Rampage  .    b - +1 pair of gloves of the Game Afoot {Int+4}
Will    ++++.                    y - +1 pair of boots of Pan-Flutes {Dex+5 Slay+2}
Stlth   +.........               f - amulet of magic regeneration
HPRegen 0.43/turn                K - ring of Vuikhlegh {MP-9 Int+7 Dex+6 Slay+3 SInv}
MPRegen 0.68/turn                r - ring of Baecyuj {Will+ EV+4 Int+3}

@: flying, studying 2 skills
A: sickness immunity, AC +20, big wings, negative energy resistance 1,
electricity resistance, torment resistance 1, petrification resistance, frail 1
0: Orb of Zot
}: 4/15 runes: serpentine, barnacled, slimy, silver
a: Renounce Religion


You escaped.
You worshipped Vehumet.
Vehumet was exalted by your worship.
You visited 11 branches of the dungeon, and saw 53 of its levels.
You visited 1 bazaar.
You visited 1 ziggurat, and saw 14 of its levels.
You also visited: Trove, Bailey, Ice Cave and Wizlab.

You collected 12484 gold pieces.
You spent 4010 gold pieces at shops.

Inventory:

Missiles
 d - a throwing net
Armour
 b - the +1 pair of gloves of the Game Afoot (worn) {Int+4}
   (You acquired it on level 2 of the Vaults)

   Int:       It affects your intelligence (+4).
 j - a scarf of resistance (worn)
 q - a +5 kite shield of protection
 s - a +2 hat of intelligence (worn)
 y - the +1 pair of boots of Pan-Flutes (worn) {Dex+5 Slay+2}
   (You found it on level 6 of the Dungeon)

   Dex:       It affects your dexterity (+5).
   Slay:      It affects your accuracy & damage with ranged weapons and melee
   (+2).
 M - quicksilver dragon scales (worn)
 W - a +8 tower shield of reflection (worn)
Magical Staves
 F - a staff of earth (weapon)
Jewellery
 a - the ring "Jestunuy" {rElec rC+ Str-3 Int+6 Slay+2}
   (You found it on level 10 of a ziggurat)

   [ring of intelligence]

   Str:       It affects your strength (-3).
   Int:       It affects your intelligence (+6).
   Slay:      It affects your accuracy & damage with ranged weapons and melee
   (+2).
   rC:        It protects you from cold.
   rElec:     It insulates you from electricity.
 f - an amulet of magic regeneration (around neck)
 g - the ring "Porus" {rElec rPois rC++ SInv}
   (You found it on level 5 of the Pits of Slime)

   [ring of see invisible]

   rC:        It greatly protects you from cold.
   rElec:     It insulates you from electricity.
   rPois:     It protects you from poison.
   SInv:      It lets you see invisible.
 k - a ring of magical power
 p - the ring "Zaeff" {rF+ Int+4 Slay+3}
   (You found it on level 2 of the Elven Halls)

   [ring of protection from fire]

   Int:       It affects your intelligence (+4).
   Slay:      It affects your accuracy & damage with ranged weapons and melee
   (+3).
   rF:        It protects you from fire.
 r - the ring of Baecyuj (right hand) {Will+ EV+4 Int+3}
   (You found it on level 5 of the Vaults)

   [ring of evasion]

   EV:        It affects your evasion (+4).
   Int:       It affects your intelligence (+3).
   Will:      It increases your willpower.
 x - a ring of protection from fire
 z - the ring "Lunkyu Gyll" {Fire *Slow rElec rPois MP+9}
   (You took it off a deep elf high priest on level 3 of the Elven Halls)

   [ring of fire]

   It enhances your fire magic.
   rF:        It protects you from fire.
   rC:        It makes you vulnerable to cold.
   rElec:     It insulates you from electricity.
   rPois:     It protects you from poison.
   MP:        It affects your magic capacity (+9).
   *Slow:     It may slow you when you take damage.
 K - the ring of Vuikhlegh (left hand) {MP-9 Int+7 Dex+6 Slay+3 SInv}
   (You took it off a vault sentinel on level 5 of the Vaults)

   [ring of dexterity]

   Int:       It affects your intelligence (+7).
   Dex:       It affects your dexterity (+6).
   Slay:      It affects your accuracy & damage with ranged weapons and melee
   (+3).
   MP:        It affects your magic capacity (-9).
   SInv:      It lets you see invisible.
 R - a ring of resist corrosion
 U - the amulet of Trepidation {Reflect rF+ SH+5}
   (You found it on level 6 of a ziggurat)

   [amulet of reflection]

   It reflects blocked missile attacks.
   rF:        It protects you from fire.
   SH:        It affects your SH (+5).
Wands
 o - a wand of digging (16)
 t - a wand of mindburst (35)
 C - a wand of roots (38)
 J - a wand of flame (47)
 O - a wand of paralysis (43)
 Z - a wand of light (11)
Scrolls
 e - 31 scrolls of teleportation
 i - 15 scrolls of enchant armour
 A - 17 scrolls of fog
 B - 11 scrolls of fear
 D - 7 scrolls of summoning
 E - 9 scrolls of poison
 I - 7 scrolls of blinking
 Q - 7 scrolls of amnesia
 V - 4 scrolls of magic mapping
 Y - 3 scrolls of silence
Potions
 h - a potion of cancellation
 l - 12 potions of brilliance
 m - 22 potions of mutation
 n - 4 potions of ambrosia
 u - 31 potions of curing
 w - 14 potions of might
 H - 10 potions of heal wounds
 L - 11 potions of haste
 S - 7 potions of resistance
 T - 7 potions of invisibility
Miscellaneous
 c - a phantom mirror
 P - a condenser vane


   Skills:
 + Level 12.7 Fighting
 - Level 11.3 Armour
 + Level 9.9 Dodging
 - Level 2.1 Stealth
 + Level 14.8 Shields
 * Level 24.1 Spellcasting
 + Level 21.0 Conjurations
 - Level 7.4 Necromancy
 - Level 0.7 Transmutations
 * Level 25.6 Fire Magic
 O Level 27 Earth Magic


You had 7 spell levels left.
You knew the following spells:

 Your Spells              Type           Power      Damage    Failure   Level
a - Sandblast             Erth           100%       2d20      0%          1
b - Passwall              Tmut/Erth      100%       N/A       0%          2
c - Shatter               Erth           79%        3d58*     1%          9
d - Lehudib's Crystal Sp  Conj/Erth      76%        10d17     1%          8
e - Lee's Rapid Deconstr  Erth           79%        3d35*     0%          5
f - Petrify               Tmut/Erth      100%       N/A       1%          4
g - Iskenderun's Mystic   Conj/Tloc      94%        2d18      1%          4
h - Starburst             Conj/Fire      63%        6d17      1%          6
i - Iron Shot             Conj/Erth      76%        9d14      0%          6
j - Fireball              Conj/Fire      63%        3d24      0%          5
k - Borgnjor's Vile Clut  Necr/Erth      68%        N/A       1%          5
l - Ignition              Fire           65%        3d17      1%          8
m - Dispel Undead         Necr           84%        3d27      1%          4

Your spell library contained the following spells:

 Spells                   Type           Power      Damage    Failure   Level
 Polar Vortex             Ice            24%        N/A       100%        9
 Foxfire                  Conj/Fire      100%       2x1d9     0%          1
 Kiss of Death            Conj/Necr      100%       2d13      0%          1
 Magic Dart               Conj           100%       1d8       0%          1
 Stone Arrow              Conj/Erth      100%       3d13      0%          3
 Flame Wave               Conj/Fire      100%       2d21      0%          4
 Sticky Flame             Conj/Fire      100%       2d11      0%          4
 Beastly Appendage        Tmut           100%       N/A       1%          1
 Freeze                   Ice            100%       1d10      1%          1
 Necrotise                Necr           100%       1d9       1%          1
 Shock                    Conj/Air       100%       1d9       1%          1
 Sting                    Tmut/Pois      100%       1d8       1%          1
 Momentum Strike          Conj/Tloc      100%       3d10      1%          2
 Poisonous Vapours        Pois/Air       98%        N/A       1%          2
 Static Discharge         Conj/Air       100%       2-7/arc   1%          2
 Frozen Ramparts          Ice            98%        1d15      1%          3
 Hailstorm                Conj/Ice       94%        3d19      1%          3
 Ignite Poison            Fire/Tmut/Pois 88%        N/A       1%          3
 Inner Flame              Hex/Fire       100%       N/A       1%          3
 Kindle Blastsparks       Fire/Tloc/Air  100%       2d18      1%          3
 Mephitic Cloud           Conj/Pois/Air  82%        N/A       1%          3
 Vampiric Draining        Necr           84%        2d12      1%          3
 Fulminant Prism          Conj/Hex       47%        3d21      1%          4
 Leda's Liquefaction      Hex/Erth       63%        N/A       1%          4
 Arcjolt                  Conj/Air       47%        1d57      1%          5
 Freezing Cloud           Conj/Ice/Air   41%        6-21      1%          5
 Irradiate                Conj/Tmut      47%        3d27      1%          5
 Lightning Bolt           Conj/Air       47%        1d67      1%          5
 Orb of Destruction       Conj           61%        9d15      1%          7
 Apportation              Tloc           98%        N/A       2%          1
 Summon Small Mammal      Summ           100%       N/A       2%          1
 Wereblood                Tmut           53%        N/A       2%          2
 Blink                    Tloc           98%        N/A       3%          2
 Call Imp                 Summ           49%        N/A       3%          2
 Ensorcelled Hibernation  Hex/Ice        98%        N/A       3%          2
 Agony                    Necr           84%        N/A       3%          5
 Anguish                  Hex/Necr       34%        N/A       4%          4
 Spider Form              Tmut/Pois      51%        N/A       6%          3
 Call Canine Familiar     Summ           49%        N/A       7%          3
 Confusing Touch          Hex            49%        N/A       7%          3
 Gell's Gravitas          Tloc           49%        N/A       7%          3
 Lesser Beckoning         Tloc           98%        N/A       7%          3
 Ozocubu's Armour         Ice            49%        N/A       7%          3
 Portal Projectile        Hex/Tloc       98%        N/A       7%          3
 Summon Guardian Golem    Hex/Summ       49%        N/A       7%          3
 Swiftness                Air            49%        N/A       7%          3
 Teleport Other           Tloc           49%        N/A       7%          3
 Tukima's Dance           Hex            49%        N/A       7%          3
 Vhi's Electric Charge    Tloc/Air       98%        N/A       7%          3
 Airstrike                Air            24%        2d(4-20)  7%          4
 Olgreb's Toxic Radiance  Pois           49%        N/A       7%          4
 Spellforged Servitor     Conj/Summ      47%        N/A       7%          7
 Yara's Violent Unravell  Hex/Tmut       25%        3d11      16%         5
 Ice Form                 Ice/Tmut       51%        N/A       21%         4
 Cause Fear               Hex            24%        N/A       24%         4
 Manifold Assault         Tloc           49%        N/A       24%         4
 Passage of Golubria      Tloc           49%        N/A       24%         4
 Summon Ice Beast         Ice/Summ       49%        N/A       24%         4
 Summon Lightning Spire   Summ/Air       49%        N/A       24%         4
 Blade Hands              Tmut           26%        N/A       43%         5
 Alistair's Intoxication  Tmut/Pois      34%        N/A       50%         5
 Metabolic Englaciation   Hex/Ice        24%        N/A       54%         5
 Silence                  Hex/Air        24%        N/A       54%         5
 Summon Mana Viper        Hex/Summ       49%        N/A       54%         5
 Eringya's Noxious Bog    Tmut/Pois      25%        N/A       58%         6
 Dispersal                Tloc           24%        N/A       98%         6
 Ozocubu's Refrigeration  Ice            24%        4d12      99%         7
 Dragon Form              Tmut           26%        N/A       100%        7
 Enfeeble                 Hex            24%        N/A       100%        7
 Malign Gateway           Summ/Tloc      24%        N/A       100%        7
 Monstrous Menagerie      Summ           24%        N/A       100%        7
 Storm Form               Tmut/Air       25%        N/A       100%        7
 Fire Storm               Conj/Fire      63%        8d16      4%          9
 Chain Lightning          Conj/Air       47%        3d62      99%         9
 Discord                  Hex            24%        N/A       100%        8
 Disjunction              Tloc           24%        N/A       100%        8
 Maxwell's Capacitive Co  Air            24%        ∞         100%        8
 Summon Horrible Things   Summ           24%        N/A       100%        8
 Cigotuvi's Dreadful Rot  Necr/Pois/Air  Unusable   N/A       N/A         2
 Statue Form              Tmut/Erth      Unusable   N/A       N/A         6

Dungeon Overview and Level Annotations

Branches:
Dungeon (15/15)            Temple (1/1) D:7            Lair (5/5) D:9
 Shoals (4/4) Lair:3        Snake (4/4) Lair:3        Slime (5/5) Lair:5
    Orc (2/2) D:11            Elf (3/3) Orc:2        Vaults (5/5) D:13
  Crypt (0/3) Vaults:3     Depths (4/4) D:15            Zot (5/5) Depths:4
 Bailey (visited)           IceCv (visited)          WizLab (visited)

Altars:
Ashenzari
Cheibriados
Dithmenos
Elyvilon
Fedhas
Gozag
Hepliaklqana
Kikubaaqudgha
Makhleb
Nemelex Xobeh
Okawaru
Qazlal
Ru
Sif Muna
Trog
Uskayaw
Vehumet
Wu Jian
Xom
Yredelemnul
Zin
The Shining One
Lugonu

Shops:
D:1 [   D:4 :   D:8 ?   D:12 (=   D:13 [[=[   D:15 ?   Orc:2 (!!=   Elf:1 :*
Elf:2 *((=   Elf:3 [   Snake:1 *   Snake:4 =::   Vaults:2 ?   Vaults:5 =
Depths:1 !   Depths:4 (=[

Portals:
Hell: Depths:1 Depths:2 Depths:3 Depths:4
Abyss: Depths:1 Depths:3
Pandemonium: Depths:2 Depths:3 Depths:4

Annotations:
D:10 1 runed translucent door, PublicAnimeNo1's ghost, novice DsCA
D:12 3 runed translucent doors, Piboyl's ghost, journeyman DsWr
Vaults:3 3 runed translucent doors, Wizard1ke's ghost, adept DjCj


Innate Abilities, Weirdness & Mutations

You are immune to sickness and miasma.
Your stone body is resilient. (AC +20)
You are immune to poison.
Your large and strong wings let you fly.
You resist negative energy. (rN+)
You are resistant to electric shocks. (rElec)
You are resistant to unholy torment.
You are immune to petrification.
You are frail. (-10% HP)


Message History

The Orb Guardian moves out of view.
There is a stone staircase leading up here.
You fly upwards.
There is a stone staircase leading down here.
(D) Dungeon (T) Temple (L) Lair (A) Shoals (P) Snake Pit (M) Slime Pits (O) Orcish Mines (E) Elven Halls (V) Vaults (C) Crypt (U) Depths (H) Hell (Z) Zot
Where to? (Enter - D:1 @ (x,y), ? - help)
There is a stone staircase leading up here.
You fly upwards.
There is a stone staircase leading down here.
There is a stone staircase leading up here.
You fly upwards.
There is a stone staircase leading down here.
There is a stone staircase leading up here.
You fly upwards.
There is a stone staircase leading down here.
A red devil comes into view. It is wielding a +0 trident.
You feel a surge of power!
The iron shot hits the red devil!!!!
You kill the red devil!
Vehumet accepts your kill.
(D) Dungeon (T) Temple (L) Lair (A) Shoals (P) Snake Pit (M) Slime Pits (O) Orcish Mines (E) Elven Halls (V) Vaults (C) Crypt (U) Depths (H) Hell (Z) Zot
Where to? (Enter - D:1 @ (x,y), ? - help) Magic restored.
There is a stone staircase leading up here.
You fly upwards.
There is a stone staircase leading down here.
There is an escape hatch in the ceiling here.
A mysterious force pulls you upwards. The hatch slams shut behind you.
There is an escape hatch in the ceiling here.
A mysterious force pulls you upwards. The hatch slams shut behind you.
You see here a +0 club.
You reach down and open the door.
There is an open door here.
There is a staircase leading out of the dungeon here.
You have escaped!

..###...############ ####....###
..##.........#.....# #.......#
..##.#...###.#.8.8.## #.......###
.....#...# #.#..8...###..........
..####...###.#.8.8...##......#...
..####.....#.#...)....##.....#...
.....#..##.#.#.###.⌠.⌠.#.....#...
...........#.#.'.#.....#.........
...........#.#.#@#..8..'.........
...........#.#.'.#.....#.........
.....#..####.#.###.⌠.⌠.#.........
.....#.......#........##.........
..........####.8.8...###.........
............##..8...## #...###...
##........#.##.8.8.## #...#.....
##........#..#.....# #...#.....
##........##.###########...#.....


There were no monsters in sight!

Vanquished Creatures
  the Royal Jelly (Slime:5)
  7 pandemonium lords (Zig:14)
  6 dread liches
  Tiamat (Zot:1)
  An ancient lich (Zot:5)
  Mara (Snake:3)
  5 orbs of fire
  4 juggernauts
  The ghost of Bisin the Wrestler, a master TrFi of Okawaru (Zot:3)
  2 royal mummies (Zig:13)
  A Head Instructor (WizLab)
  Saint Roka (Orc:2)
  Boris (twice) (Vaults:4 Vaults:5)
  14 Killer Klowns
  Bai Suzhen (Depths:2)
  Vashnia (Snake:2)
  9 caustic shrikes
  Nikola (Depths:1)
  A curse toe (Zot:4)
  13 golden dragons
  A bone dragon (Depths:4)
  A pearl dragon (Zig:5)
  A hellephant (Zig:9)
  2 electric golems (Zot:5)
  20 tentacled monstrosities
  3 walking crystal tomes
  Jorgrun (Elf:1)
  A walking earthen tome (Depths:2)
  26 Orb Guardians
  5 liches
  Asterion (Depths:2)
  7 deep elf blademasters
  4 quicksilver dragons
  2 deep elf master archers (Elf:3)
  15 acid blobs
  An Ice Fiend (D:15)
  10 titans
  A walking divine tome (Depths:2)
  7 sphinxes
  9 death cobs
  Kirke (Shoals:3)
  5 krakens (Shoals:2)
  9 tengu reavers
  Polyphemus (Shoals:3)
  Frances (Elf:1)
  6 shadow dragons
  16 storm dragons
  Roxanne (Snake:2)
  6 draconian monks
  7 azure jellies
  Ilsuiw (Shoals:3)
  The ghost of FromWork the Spry, an adept SpBe of Trog (Shoals:4)
  3 nagarajas (Snake:4)
  7 draconian knights
  A daeva (Zig:5)
  8 fire giants
  A frost giant (shapeshifter) (Zig:14)
  9 rockslimes
  A balrug (Depths:2)
  7 iron dragons
  Louise (Elf:1)
  11 frost giants
  6 deep elf sorcerers
  7 draconian stormcallers
  4 draconian scorchers
  4 spectral caustic shrikes (Depths:1)
  5 deep elf elementalists (Elf:3)
  4 ghost moths
  An orc warlord (Vaults:4)
  4 draconian shifters
  An angel (Zig:5)
  17 vault wardens
  7 war gargoyles
  A caustic shrike skeleton (Zig:13)
  19 ironbound preservers
  5 draconian annihilators
  15 ironbound thunderhulks
  13 quicksilver oozes
  18 stone giants
  38 very ugly things
  2 bennus (Zig:8)
  7 green draconians
  The ghost of Foatahai the Whirler, a journeyman SpHu of Hepliaklqana (Elf:2)
  8 black draconians
  2 vampire knights
  An ophan (Zig:5)
  10 deep elf demonologists
  7 red draconians
  5 purple draconians
  7 yellow draconians
  8 spark wasps
  11 deep elf annihilators
  11 white draconians
  A bunyip (shapeshifter) (Vaults:5)
  5 dire elephants
  Azrael (D:15)
  A bunyip (Zig:11)
  An eleionoma (Zig:7)
  13 ettins
  A crystal guardian (Vaults:2)
  5 jiangshi (Depths:3)
  10 merfolk javelineers
  3 deep elf high priests
  10 yaktaur captains
  2 mummy priests (Zig:13)
  9 deep elf death magi
  Snorg (Orc:2)
  13 fire dragons
  14 merfolk impalers
  An entropy weaver (Vaults:3)
  13 great orbs of eyes
  16 hydras
  Erolcha (Orc:1)
  4 ogre magi
  2 ghost crabs
  13 ironbound frosthearts
  3 spriggan air magi (WizLab)
  37 vault guards
  11 anacondas
  3 peacekeepers
  2 rakshasas
  3 centaur warriors (D:13)
  3 merfolk avatars
  4 ice dragons
  2 alligators
  4 catoblepae
  7 merfolk aquamancers
  A catoblepas (shapeshifter) (Zig:14)
  An alligator snapping turtle (shapeshifter) (Zig:14)
  6 two-headed ogres
  12 deep troll earth magi
  An anaconda (shapeshifter) (Depths:4)
  A two-headed ogre (shapeshifter) (Elf:1)
  An alligator snapping turtle (Shoals:3)
  26 dancing weapons
  3 death scarabs
  3 satyrs
  8 deep troll shamans
  5 tengu warriors
  15 naga warriors
  5 death yaks
  7 orc high priests
  9 boulder beetles
  2 vampire magi (Depths:3)
  13 shock serpents
  18 naga sharpshooters
  Urug (D:10)
  2 sun demons (Depths:2)
  9 hell knights
  9 spriggan berserkers
  Nergalle (D:10)
  30 deep elf knights
  Sonja (D:12)
  5 spriggans
  15 iron trolls
  A sixfirhy (Depths:4)
  2 fire crabs (shapeshifter)
  3 death drakes
  3 salamander mystics
  2 skeletal warriors
  7 glowing orange brains
  2 glowing orange brains (shapeshifter)
  2 cherubim (Zig:5)
  An orb spider (shapeshifter) (Depths:3)
  A flayed ghost (Depths:1)
  A shadow demon (Depths:4)
  14 sea snakes
  A spriggan druid (Zig:11)
  59 deep trolls
  6 swamp dragons
  2 obsidian statues (Zig:11)
  10 wizards
  2 bog bodies
  15 harpies
  6 necromancers
  10 lindwurms
  24 deep elf archers
  5 naga ritualists
  16 ironbound convokers
  32 deep elf zephyrmancers
  8 large abominations (Depths:3)
  5 orc knights
  13 mana vipers
  4 phantasmal warriors
  An iron dragon zombie (Zig:13)
  4 wolf spiders
  3 shining eyes
  7 cyclopes
  A cyclops (shapeshifter) (Zig:6)
  2 stone giant zombies
  3 orc sorcerers
  40 deep elf pyromancers
  A wolf spider (shapeshifter) (Zig:14)
  19 fauns
  25 ugly things
  An oklob plant (Lair:5)
  18 moths of wrath
  A frost giant skeleton (Depths:1)
  2 tengu skeletons
  A sphinx skeleton (Zig:13)
  A will-o-the-wisp (Zig:7)
  21 manticores
  A shadow dragon skeleton (Zig:13)
  Maurice (D:12)
  17 salamanders
  12 merfolk sirens
  15 naga magi
  15 elephants
  35 black mambas
  4 ice statues
  2 iron dragon skeletons
  An elephant (shapeshifter) (Zig:6)
  A titan simulacrum (Depths:1)
  24 vault sentinels
  3 smoke demons
  Joseph (D:10)
  8 water nymphs
  2 guardian serpents (shapeshifter)
  2 black mambas (shapeshifter)
  2 eyes of devastation
  9 guardian serpents
  A rust devil (D:11)
  17 cane toads
  An orange demon (Depths:2)
  2 gargoyles
  A hellion (D:15)
  10 komodo dragons
  3 kobold demonologists
  7 rime drakes
  3 unseen horrors
  An efreet (D:14)
  8 yaktaurs
  3 ice devils (IceCv)
  7 anaconda simulacra (IceCv)
  A hellwing (Depths:2)
  4 freezing wraiths
  4 tengu conjurers (WizLab)
  17 guardian mummies
  A red devil (D:4)
  A polar bear (Zig:9)
  6 trolls
  68 merfolk
  13 meliai
  A queen bee (shapeshifter) (Elf:1)
  A queen bee (D:12)
  8 hornets
  A tarantella (Vaults:3)
  A tyrant leech (shapeshifter) (Vaults:5)
  8 wind drakes
  3 tyrant leeches
  A raiju (shapeshifter) (D:11)
  9 snapping turtles
  15 blink frogs
  103 slime creatures
  An ettin zombie (Vaults:2)
  3 dream sheep (Shoals:3)
  An air elemental (Elf:1)
  5 flying skulls
  A vampire (D:11)
  3 shadows
  16 wyverns
  2 wraiths (D:13)
  A ynoxinul (Depths:4)
  5 ushabtiu
  13 water elementals
  4 basilisks
  4 fire elementals
  6 chaos spawn
  46 yaks
  2 steam dragons
  A redback (shapeshifter) (Vaults:5)
  2 vampire mosquitoes (D:13)
  2 neqoxecs (Depths:2)
  4 hogs (Shoals:3)
  2 redbacks (Lair:5)
  28 nagas
  11 wargs
  A human zombie (Vaults:2)
  2 hell hounds (D:15)
  3 hydra simulacra (IceCv)
  30 water moccasins
  A floating eye (Slime:5)
  8 acid dragons
  A human skeleton (Zig:8)
  26 orc warriors
  A swamp drake (shapeshifter) (D:15)
  4 swamp drakes
  4 ice beasts
  A black bear (shapeshifter) (D:13)
  8 ogres
  3 black bears
  A phantom (D:6)
  5 centaurs
  4 small abominations (Depths:3)
  11 kobold brigands
  13 bullfrogs
  5 gnoll sergeants
  3 necrophages
  A glowing shapeshifter simulacrum (Vaults:2)
  An earth elemental (Elf:3)
  7 scorpions
  9 wights
  18 killer bees
  9 electric eels
  A vampire bat (Lair:5)
  4 howler monkeys
  A jelly (D:7)
  2 hounds
  3 gnoll boudas
  32 orc priests
  Jessica (D:3)
  6 iguanas
  22 orc wizards
  A troll simulacrum (IceCv)
  A polar bear simulacrum (IceCv)
  2 wolf simulacra (IceCv)
  14 mummies
  8 adders
  28 gnolls
  A naga simulacrum (IceCv)
  A shadow imp (D:8)
  2 white imps
  3 worms (D:2)
  82 orcs
  3 ball pythons
  12 endoplasms
  6 giant cockroaches
  17 goblins
  17 hobgoblins
  12 jackals
  8 quokkas
  14 bats
  4 frilled lizards (D:2)
  23 kobolds
  7 rats
  A spectral goblin (D:14)
  6 butterflies (Zot:3)
  6 tentacles (Shoals:2)
2560 creatures vanquished.

Vanquished Creatures (others)
  A hydra (Zig:11)
  A lindwurm (Vaults:2)
  A human (Shoals:3)
  An orc (D:9)
  72 fungi
  202 plants
  23 tentacles (Shoals:2)
301 creatures vanquished.

Grand Total: 2861 creatures vanquished

Notes
Turn   | Place    | Note
-------+----------+-------------------------------------------
     0 | D:1      | dontdoit the Gargoyle Earth Elementalist began the quest
                  | for the Orb.
     0 | D:1      | Reached XP level 1. HP: 10/10 MP: 3/3
   139 | D:1      | Found Migarech's Armour Boutique.
   221 | D:1      | Reached XP level 2. HP: 15/15 MP: 3/5
   225 | D:1      | Learned a level 2 spell: Passwall
   247 | D:1      | Reached skill level 4 in Earth Magic
   632 | D:1      | Reached XP level 3. HP: 19/19 MP: 4/6
   638 | D:1      | Learned a level 3 spell: Stone Arrow
  1320 | D:2      | Found a hide-covered altar of Uskayaw.
  1790 | D:2      | Reached XP level 4. HP: 24/24 MP: 5/8
  2031 | D:3      | Reached skill level 1 in Conjurations
  2031 | D:3      | Reached skill level 5 in Earth Magic
  2101 | D:3      | Noticed Jessica
  2116 | D:3      | Killed Jessica
  2205 | D:3      | Reached XP level 5. HP: 10/28 MP: 4/9
  2420 | D:3      | Identified the +1 leather armour of Gaubewox {rElec Str-5
                  | Slay+2 SInv}
  2555 | D:3      | Found a white marble altar of Elyvilon.
  2555 | D:3      | Found a glowing golden altar of the Shining One.
  2557 | D:3      | Found a glowing silver altar of Zin.
  2815 | D:4      | Reached skill level 6 in Earth Magic
  3062 | D:4      | Found Nowayr's Self-Improvement Boutique.
  3136 | D:4      | Reached XP level 6. HP: 32/32 MP: 8/11
  3401 | D:4      | Noticed an ice beast
  3408 | D:4      | Killed an ice beast
  3656 | D:4      | Reached skill level 7 in Earth Magic
  3997 | D:5      | Entered Level 5 of the Dungeon
  4010 | D:5      | Reached XP level 7. HP: 36/36 MP: 8/13
  4632 | D:5      | Reached skill level 8 in Earth Magic
  4695 | D:6      | Reached XP level 8. HP: 40/41 MP: 9/14
  4873 | D:6      | Reached skill level 9 in Earth Magic
  4877 | D:6      | Reached skill level 5 in Spellcasting
  4975 | D:6      | Found a transporter.
  4995 | D:6      | Reached skill level 5 in Conjurations
  5043 | D:6      | Found a transporter.
  5071 | D:6      | Reached skill level 10 in Earth Magic
  5074 | D:6      | Reached XP level 9. HP: 45/45 MP: 7/17
  5240 | D:6      | Identified the +1 pair of boots of Pan-Flutes {Dex+5
                  | Slay+2}
  5793 | D:7      | Found an ornate altar of the Wu Jian Council.
  5809 | D:7      | Found an iron altar of Okawaru.
  5838 | D:7      | Found a staircase to the Ecumenical Temple.
  5848 | Temple   | Entered the Ecumenical Temple
  5901 | Temple   | Became a worshipper of Vehumet
  5994 | D:7      | Reached skill level 1 in Shields
  6243 | D:8      | Found Uroofacwa's Magic Scroll Emporium.
  6248 | D:8      | Reached skill level 11 in Earth Magic
  6259 | D:8      | Bought a scroll of identify for 28 gold pieces
  6259 | D:8      | Bought a scroll of identify for 28 gold pieces
  6259 | D:8      | Bought a scroll of poison for 56 gold pieces
  6259 | D:8      | Bought a scroll of noise for 14 gold pieces
  6259 | D:8      | Bought a scroll of identify for 28 gold pieces
  6607 | D:8      | Reached * piety under Vehumet
  6607 | D:8      | Offered knowledge of Kiss of Death by Vehumet.
  6744 | D:8      | Learned a level 5 spell: Lee's Rapid Deconstruction
  6748 | D:8      | Learned a level 3 spell: Kindle Blastsparks
  6770 | D:8      | Reached skill level 1 in Fire Magic
  6770 | D:8      | Reached XP level 10. HP: 50/50 MP: 7/19
  6867 | D:8      | You fall into a shaft and drop 2 floors!
  6867 | D:10     | Entered Level 10 of the Dungeon
  7048 | D:9      | Noticed a two-headed ogre
  7052 | D:9      | Killed a two-headed ogre
  7053 | D:9      | Reached skill level 12 in Earth Magic
  7060 | D:9      | Found a sacrificial altar of Ru.
  7128 | D:9      | Reached ** piety under Vehumet
  7128 | D:9      | Offered knowledge of Shock by Vehumet.
  7156 | D:9      | Found a staircase to the Lair.
  7283 | D:9      | Found a flagged portal.
  7318 | Bailey   | Entered a bailey
  7440 | Bailey   | Noticed an orc knight
  7450 | Bailey   | Killed an orc knight
  7608 | Bailey   | Identified the +9 halberd of the Scuffed God {venom, rPois
                  | rC+ Dex-5}
  7614 | Bailey   | Offered knowledge of Inner Flame by Vehumet.
  7622 | Bailey   | Noticed an orc sorcerer
  7625 | Bailey   | Noticed an orc high priest
  7645 | Bailey   | Noticed an orc knight
  7689 | Bailey   | Reached skill level 13 in Earth Magic
  7825 | Bailey   | Reached skill level 1 in Fighting
  7825 | Bailey   | Reached XP level 11. HP: 56/56 MP: 15/21
  7863 | Bailey   | Acquired a staff of earth
  8009 | Bailey   | Found an iron altar of Okawaru.
  8017 | Bailey   | Killed an orc high priest
  8018 | Bailey   | Reached skill level 5 in Fire Magic
  8040 | Bailey   | Killed an orc knight
  8160 | Bailey   | Killed an orc sorcerer
  8547 | D:8      | Reached *** piety under Vehumet
  8630 | D:8      | Found a sparkling altar of Nemelex Xobeh.
  8685 | D:8      | Found a broken altar of Ashenzari.
  9276 | D:10     | Noticed a boulder beetle
  9306 | D:10     | Killed a boulder beetle
  9498 | D:10     | Noticed Nergalle
  9513 | D:10     | Learned a level 4 spell: Petrify
  9519 | D:10     | Noticed Joseph
  9561 | D:10     | Killed Joseph
  9657 | D:10     | Killed Nergalle
  9659 | D:10     | Noticed Urug
  9845 | D:10     | Found a runed translucent door.
  9848 | D:10     | Noticed PublicAnimeNo1's ghost (novice DsCA)
  9850 | D:10     | Noticed a spriggan rider
  9850 | D:10     | Identified the +7 trident of Demand {freeze, Int+3}
 10155 | D:10     | Noticed a two-headed ogre
 10159 | D:10     | Killed a two-headed ogre
 10159 | D:10     | Offered knowledge of Dazzling Flash by Vehumet.
 10160 | D:10     | Reached skill level 14 in Earth Magic
 10165 | D:10     | Noticed a two-headed ogre
 10172 | D:10     | Killed a two-headed ogre
 10376 | D:10     | Killed Urug
 10377 | D:10     | Reached XP level 12. HP: 66/66 MP: 1/24
 10825 | D:10     | Upgraded the game from 0.30-a0-390-g80c34de to
                  | 0.30-a0-393-g54b8e3b
 11159 | D:11     | Noticed a boulder beetle
 11174 | D:11     | Killed a boulder beetle
 11552 | D:11     | Found a staircase to the Orcish Mines.
 11556 | D:11     | Reached **** piety under Vehumet
 11692 | D:11     | Noticed a rakshasa
 11699 | D:11     | Killed a rakshasa
 11699 | D:11     | Offered knowledge of Lightning Bolt by Vehumet.
 12469 | Lair:1   | Entered Level 1 of the Lair of Beasts
 12476 | Lair:1   | Reached skill level 15 in Earth Magic
 13967 | Lair:2   | Reached XP level 13. HP: 70/70 MP: 19/26
 14223 | Lair:2   | Reached skill level 5 in Shields
 14318 | Lair:2   | Acquired 831 gold pieces
 14672 | Lair:2   | Reached skill level 1 in Armour
 15138 | Lair:2   | Reached skill level 10 in Conjurations
 15376 | Lair:3   | You fall into a shaft and drop 2 floors!
 15376 | Lair:5   | Entered Level 5 of the Lair of Beasts
 15376 | Lair:5   | Found a staircase to the Slime Pits.
 15812 | Lair:3   | Reached skill level 10 in Spellcasting
 15812 | Lair:3   | Reached skill level 16 in Earth Magic
 16304 | Lair:3   | Found a staircase to the Snake Pit.
 16642 | Lair:3   | Found a staircase to the Shoals.
 16873 | Lair:3   | Reached skill level 10 in Fire Magic
 16978 | Lair:3   | Reached ***** piety under Vehumet
 16978 | Lair:3   | Offered knowledge of Ozocubu's Refrigeration by Vehumet.
 18018 | Lair:5   | Gained mutation: Your large and strong wings let you fly.
                  | [Gargoyle growth]
 18018 | Lair:5   | Reached XP level 14. HP: 76/76 MP: 28/28
 18909 | Lair:5   | Reached skill level 17 in Earth Magic
 19134 | Lair:5   | Offered knowledge of Yara's Violent Unravelling by Vehumet.
 20132 | Lair:1   | Learned a level 4 spell: Iskenderun's Mystic Blast
 20288 | Orc:1    | Entered Level 1 of the Orcish Mines
 20452 | Orc:2    | Entered Level 2 of the Orcish Mines
 20647 | Orc:1    | Reached skill level 5 in Armour
 20837 | Orc:1    | Noticed Erolcha
 20839 | Orc:1    | Killed Erolcha
 21111 | Orc:2    | Noticed Saint Roka
 22124 | D:12     | Found Iqin's Jewellery Shoppe.
 22328 | D:12     | Bought an amulet of magic regeneration for 420 gold pieces
 22328 | D:12     | Bought a +6 ring of intelligence for 504 gold pieces
 22397 | D:12     | Found Onuera's Antique Weapon Emporium.
 22398 | D:12     | Noticed Sonja
 22405 | D:12     | Killed Sonja
 22574 | D:12     | Found a runed translucent gate.
 22575 | D:12     | Found a runed translucent gate.
 22576 | D:12     | Found a runed translucent gate.
 22576 | D:12     | Noticed Piboyl's ghost (journeyman DsWr)
 22637 | D:12     | Offered knowledge of Starburst by Vehumet.
 22649 | D:12     | Learned a level 6 spell: Starburst
 22784 | D:12     | Reached XP level 15. HP: 80/80 MP: 21/30
 22829 | D:12     | Noticed Maurice
 22836 | D:12     | Killed Maurice
 23168 | D:13     | Found Xuzeloin's Antique Armour Boutique.
 23168 | D:13     | Found a frozen archway.
 23180 | IceCv    | Entered an ice cave
 23974 | D:13     | Found Loossod's Distillery.
 24039 | D:13     | Found Ecrabboe's Jewellery Shoppe.
 24151 | D:13     | Reached skill level 18 in Earth Magic
 24184 | D:13     | Found Wirchir's Antique Armour Emporium.
 24192 | D:13     | Bought a runed helmet for 195 gold pieces
 24476 | D:13     | Found Wanebyeg's Armour Emporium.
 24801 | D:13     | Found a gate to the Vaults.
 25400 | D:14     | Identified the ring of Doubts {rPois rC+ Will+ Dex+6}
 25507 | D:14     | Acquired 1151 gold pieces
 26192 | D:14     | Found a hazy altar of Hepliaklqana.
 26194 | D:14     | Offered knowledge of Iron Shot by Vehumet.
 26202 | D:14     | Learned a level 6 spell: Iron Shot
 26338 | D:15     | Entered Level 15 of the Dungeon
 26388 | D:15     | Found Omei's Magic Scroll Shop.
 26511 | D:15     | Noticed Azrael
 26514 | D:15     | Killed Azrael
 26889 | D:15     | Found a staircase to the Depths.
 26930 | D:15     | Reached XP level 16. HP: 84/84 MP: 27/32
 27821 | Snake:1  | Entered Level 1 of the Snake Pit
 28481 | Snake:1  | Reached skill level 19 in Earth Magic
 28657 | Snake:1  | Found Ykhlea's Assorted Antiques.
 28663 | Snake:1  | Bought a potion of heal wounds for 175 gold pieces
 29336 | Snake:2  | Identified Roxanne's Writings on Sculpting
 29336 | Snake:2  | Noticed Roxanne
 29339 | Snake:2  | Killed Roxanne
 29493 | Snake:2  | Offered knowledge of Fireball by Vehumet.
 29500 | Snake:2  | Learned a level 5 spell: Fireball
 30236 | Snake:3  | Reached XP level 17. HP: 82/89 MP: 9/34
 30407 | Snake:2  | Noticed Vashnia
 30412 | Snake:2  | Killed Vashnia
 30573 | Snake:3  | Reached skill level 20 in Earth Magic
 30780 | Snake:3  | Noticed Mara
 30786 | Snake:3  | Killed Mara
 31181 | Snake:4  | Entered Level 4 of the Snake Pit
 31948 | Snake:4  | Found Rucuguemp's Book Shoppe.
 31949 | Snake:4  | Found Baikk's Jewellery Boutique.
 31950 | Snake:4  | Found Muhiloodeol's Book Shoppe.
 31964 | Snake:4  | Bought the Unrestrained Analects for 484 gold pieces
 31964 | Snake:4  | Bought Great Wizards, Vol. II for 418 gold pieces
 32934 | Snake:4  | Offered knowledge of Spellforged Servitor by Vehumet.
 33170 | Snake:4  | Reached skill level 15 in Fire Magic
 33237 | Snake:4  | Got a serpentine rune of Zot
 33471 | Shoals:1 | Entered Level 1 of the Shoals
 33912 | Shoals:1 | Reached XP level 18. HP: 94/94 MP: 33/36
 34732 | Shoals:2 | Found a runed translucent door.
 34791 | Shoals:2 | Reached skill level 21 in Earth Magic
 34935 | Shoals:2 | Reached skill level 15 in Spellcasting
 35145 | Shoals:2 | Reached ****** piety under Vehumet
 35291 | Shoals:2 | Offered knowledge of Orb of Destruction by Vehumet.
 36081 | Shoals:3 | Noticed Ilsuiw
 36082 | Shoals:3 | Noticed Kirke
 36082 | Shoals:3 | Noticed Polyphemus
 36087 | Shoals:3 | Killed Kirke
 36555 | Shoals:3 | Reached XP level 19. HP: 91/98 MP: 22/38
 36643 | Shoals:3 | Killed Polyphemus
 36913 | Shoals:3 | Killed Ilsuiw
 37117 | Shoals:4 | Entered Level 4 of the Shoals
 37195 | Shoals:4 | Found the +3 pair of gauntlets of War {Slay+5}
 37385 | Shoals:4 | Offered knowledge of Shatter by Vehumet.
 37385 | Shoals:4 | Offered knowledge of Chain Lightning by Vehumet.
 37385 | Shoals:4 | Offered knowledge of Polar Vortex by Vehumet.
 37655 | Shoals:4 | Reached skill level 22 in Earth Magic
 37780 | Shoals:4 | Found a runed translucent door.
 37780 | Shoals:4 | Noticed FromWork's ghost (adept SpBe)
 37792 | Shoals:4 | Killed FromWork's ghost
 38194 | Shoals:4 | Identified the +4 spear of the Witching Visionary {protect,
                  | Int+5}
 38484 | Shoals:4 | Identified the +8 hand axe of the Median {distort, MP+9
                  | Str-2 Int+2 Dex+9}
 38522 | Shoals:4 | Identified the +8 war axe of Welfare {vorpal, rF+ rN+
                  | Stlth+}
 38669 | Shoals:4 | Got a barnacled rune of Zot
 39031 | Orc:2    | Killed Saint Roka
 39229 | Orc:2    | Noticed Snorg
 39258 | Orc:2    | Killed Snorg
 39382 | Orc:2    | Found Jiggok Caos's Distillery.
 39382 | Orc:2    | Found Figicu's Antique Weapon Boutique.
 39387 | Orc:2    | Bought a potion of haste for 150 gold pieces
 39387 | Orc:2    | Bought a potion of heal wounds for 75 gold pieces
 39387 | Orc:2    | Bought a potion of heal wounds for 75 gold pieces
 39580 | Orc:2    | Found Nempeger's Jewellery Emporium.
 39580 | Orc:2    | Found Sedaulak's Distillery.
 39607 | Orc:2    | Found a staircase to the Elven Halls.
 39988 | Elf:1    | Entered Level 1 of the Elven Halls
 39995 | Elf:1    | Found Ytick's General Store.
 40003 | Elf:1    | Bought a potion of magic for 136 gold pieces
 40003 | Elf:1    | Bought a scroll of amnesia for 68 gold pieces
 40026 | Elf:1    | Noticed Louise
 40036 | Elf:1    | Killed Louise
 40037 | Elf:1    | Reached skill level 5 in Dodging
 40064 | Elf:1    | Found Qunuorch's Book Emporium.
 40103 | Elf:1    | Noticed Jorgrun
 40104 | Elf:1    | Found a magical portal.
 40106 | Elf:1    | Killed Jorgrun
 40165 | WizLab   | Entered Yara's Duelist Academy
 40172 | WizLab   | Learned a level 5 spell: Borgnjor's Vile Clutch
 40439 | WizLab   | Reached XP level 20. HP: 104/104 MP: 9/40
 40534 | WizLab   | Found the +5 demon whip "Spellbinder" {antimagic, Will+}
 40588 | WizLab   | Noticed Metuetz
 40597 | WizLab   | Killed Metuetz the Head Instructor
 41179 | Elf:1    | Noticed Frances
 41184 | Elf:1    | Killed Frances
 41886 | Elf:2    | Reached skill level 15 in Conjurations
 41998 | Elf:2    | Reached skill level 23 in Earth Magic
 42063 | Elf:2    | Found Tufrar's Assorted Antiques.
 42187 | Elf:2    | Found Kaczouso's Weapon Emporium.
 42187 | Elf:2    | Found Menwig Rima's Antique Weapon Shoppe.
 42190 | Elf:2    | Found Vent's Jewellery Emporium.
 42238 | Elf:2    | Noticed Foatahai's ghost (journeyman SpHu)
 42239 | Elf:2    | Found a bloodstained altar of Trog.
 42246 | Elf:2    | Found a transporter.
 42249 | Elf:2    | Found a transporter.
 42426 | Elf:2    | Found a runed translucent gate.
 42426 | Elf:2    | Found a runed translucent gate.
 42437 | Elf:2    | Found a runed translucent gate.
 42613 | Elf:1    | Found a radiant altar of Vehumet.
 42800 | Elf:2    | Learned a level 8 spell: Ignition
 42816 | Elf:2    | Killed Foatahai's ghost
 42863 | Elf:2    | Got the Octavo of the Captivating Salvo
 42866 | Elf:2    | Identified the ring "Zaeff" {rF+ Int+4 Slay+3}
 43571 | Elf:3    | Entered Level 3 of the Elven Halls
 43589 | Elf:3    | Identified the +3 leather armour of the Will of the Gods
                  | {rElec rN++ Str+2 Dex-2}
 43680 | Elf:3    | Reached XP level 21. HP: 108/108 MP: 38/42
 44404 | Elf:3    | Found Meje's Antique Armour Shoppe.
 44416 | Elf:3    | Identified the +5 dagger of the Abyss {flame, Drain Fly
                  | rF+++ rCorr}
 44558 | Elf:3    | Identified the +7 rapier of Ascent {vorpal, rElec Int+4}
 44707 | Elf:3    | Reached skill level 24 in Earth Magic
 44708 | Elf:3    | Identified the +3 leather armour of Exclusion {rC+ SInv}
                  | (You took it off a deep elf death mage on level 3 of the
                  | Elven Halls)
 44754 | Elf:3    | Got the Compilation of Battling and the Storm
 44882 | Elf:3    | Identified the +9 spear of the Wraith {holy, rElec rPois
                  | Dex+2}
 44882 | Elf:3    | Identified the ring "Lunkyu Gyll" {Fire *Slow rElec rPois
                  | MP+9}
 44983 | Elf:3    | Learned a level 9 spell: Shatter
 45205 | Vaults:1 | Entered Level 1 of the Vaults
 45205 | Vaults:1 | You are sucked into a shaft and drop 1 floor!
 46228 | Vaults:1 | Reached XP level 22. HP: 112/112 MP: 22/44
 47316 | Vaults:2 | Identified the +4 chain mail "Wiamo Zeup" {Str+4 Slay+2}
 47792 | Vaults:2 | Found Gisuov Pawyh's Magic Scroll Shop.
 47800 | Vaults:2 | Bought a scroll of amnesia for 64 gold pieces
 47800 | Vaults:2 | Bought a scroll of acquirement for 832 gold pieces
 47800 | Vaults:2 | Acquired the +1 pair of gloves of the Game Afoot {Int+4}
 48723 | Vaults:3 | Found a staircase to the Crypt.
 48723 | Vaults:3 | Found an ancient bone altar of Kikubaaqudgha.
 48724 | Vaults:3 | Found a basalt altar of Yredelemnul.
 48777 | Vaults:3 | Reached skill level 25 in Earth Magic
 48970 | Vaults:3 | Identified the +8 rapier of the Common Good {freeze, Dex+4}
 49586 | Vaults:3 | Found a runed translucent gate.
 49586 | Vaults:3 | Found a runed translucent gate.
 49586 | Vaults:3 | Found a runed translucent gate.
 49587 | Vaults:3 | Noticed Wizard1ke's ghost (adept DjCj)
 50018 | Vaults:4 | Found a portal to a secret trove of treasure.
 50094 | Vaults:4 | Reached XP level 23. HP: 116/116 MP: 19/45
 50102 | Vaults:4 | Reached skill level 10 in Shields
 50205 | Vaults:4 | Found a flickering gateway to a bazaar.
 50231 | Bazaar   | Entered a bazaar
 50260 | Bazaar   | Found Kexusk's Book Shoppe.
 50277 | Bazaar   | Found Suistogu's Armour Emporium.
 50283 | Bazaar   | Bought the +0 robe of Foolhardiness {*Slow rElec Str+3
                  | Int+3} for 260 gold pieces
 50303 | Bazaar   | Found Cupiakk's Antique Armour Shop.
 50322 | Bazaar   | Found Nommifos's Antique Armour Emporium.
 50554 | Vaults:4 | Killed Boris
 51706 | Slime:1  | Entered Level 1 of the Pits of Slime
 51834 | Slime:3  | You are sucked into a shaft and drop 1 floor!
 51962 | Slime:5  | Entered Level 5 of the Pits of Slime
 51982 | Slime:5  | Gained mutation: You are frail. (-10% HP) [a shining eye]
 52017 | Slime:5  | Noticed the Royal Jelly
 52025 | Slime:5  | Killed the Royal Jelly
 52647 | Slime:5  | Reached skill level 26 in Earth Magic
 52717 | Slime:5  | Got a slimy rune of Zot
 52735 | Slime:5  | Identified the +9 rapier "Zaolo" {vamp, rPois Int+7 Dex-2
                  | SInv}
 52742 | Slime:5  | Identified the ring "Porus" {rElec rPois rC++ SInv}
 52786 | Slime:5  | Identified the ring of the Catamount {Fire Fly rPois Str-4
                  | Int-3}
 52793 | Slime:5  | Identified the +4 battleaxe of Ruination {antimagic, *Noise
                  | rElec rPois Will+}
 53365 | Vaults:4 | You showed the slimy rune of Zot to enter a treasure trove
 53366 | Trove    | Entered a treasure trove
 53374 | Trove    | Identified the +7 great mace of Nupiruh {freeze, Dex+4
                  | Stlth+}
 53399 | Vaults:4 | Upgraded the game from 0.30-a0-393-g54b8e3b to
                  | 0.30-a0-394-g3e4acdb
 53410 | Vaults:5 | Entered Level 5 of the Vaults
 53412 | Vaults:5 | Reached XP level 24. HP: 109/109 MP: 46/46
 53637 | Vaults:5 | Noticed Boris
 53639 | Vaults:5 | Killed Boris
 53719 | Vaults:5 | Noticed a dread lich
 53719 | Vaults:5 | Noticed a dread lich
 53720 | Vaults:5 | Noticed a dread lich
 53721 | Vaults:5 | Killed a dread lich
 53721 | Vaults:5 | Killed a dread lich
 53721 | Vaults:5 | Killed a dread lich
 53732 | Vaults:5 | Reached skill level 10 in Armour
 54267 | Vaults:5 | Noticed a dread lich
 54269 | Vaults:5 | Killed a dread lich
 54270 | Vaults:5 | Reached skill level 27 in Earth Magic
 54270 | Vaults:5 | Reached XP level 25. HP: 113/113 MP: 34/47
 54313 | Vaults:5 | Identified the +9 morningstar "Davvuroh" {drain, rPois
                  | rCorr}
 54525 | Vaults:5 | Acquired 754 gold pieces
 54610 | Vaults:5 | Got a silver rune of Zot
 54779 | Vaults:5 | Found Cepnokhu's Jewellery Emporium.
 54788 | Vaults:5 | Got Sypuha's Incunabulum of Called Conduction
 54790 | Vaults:5 | Identified the +4 arbalest of Winter {vorpal, Fragile rPois
                  | rCorr SInv}
 54867 | Vaults:5 | Identified the ring of Baecyuj {Will+ EV+4 Int+3}
 54989 | Vaults:5 | Identified the ring of Xom's Whimsicality {rC+ AC+4 Str+4}
 54993 | Vaults:5 | Identified the +0 pair of boots of Demons {Will+++ Int-5
                  | Slay+3 SInv}
 55046 | Vaults:5 | Identified the ring of Vuikhlegh {MP-9 Int+7 Dex+6 Slay+3
                  | SInv}
 55211 | Vaults:5 | Identified the amulet "Romoim" {rPois Regen+}
 55485 | Depths:1 | Entered Level 1 of the Depths
 55510 | Depths:1 | Reached skill level 1 in Necromancy
 55706 | Depths:1 | Found a gateway to Hell.
 55863 | Depths:1 | Noticed Nikola
 55867 | Depths:1 | Killed Nikola
 55868 | Depths:1 | Reached skill level 5 in Fighting
 56065 | Depths:1 | Found Piolu's Distillery.
 56237 | Depths:1 | Found a corrupted altar of Lugonu.
 56238 | Depths:1 | Found a one-way gate to the infinite horrors of the Abyss.
 56373 | Depths:1 | Identified the +7 trident "Ofioc" {drain, *Noise Fly Str+3
                  | Stlth+}
 56838 | Depths:2 | Noticed a juggernaut
 56839 | Depths:2 | Noticed a juggernaut
 56845 | Depths:2 | Killed a juggernaut
 56846 | Depths:2 | Killed a juggernaut
 57163 | Depths:2 | Identified the ring "Hyziyrph" {Ice SInv}
 57211 | Depths:2 | Learned a level 8 spell: Lehudib's Crystal Spear
 57222 | Depths:2 | Identified the +0 plate armour "Fugreh Hego" {Fly rC- Str+4
                  | Int+3}
 57222 | Depths:2 | Noticed Asterion
 57237 | Depths:2 | Killed Asterion
 57418 | Depths:2 | You are sucked into a shaft and drop 2 floors!
 57418 | Depths:4 | Entered Level 4 of the Depths
 57440 | Depths:3 | Noticed a juggernaut
 57444 | Depths:3 | Killed a juggernaut
 57447 | Depths:3 | Reached XP level 26. HP: 80/124 MP: 39/48
 58159 | Depths:2 | Learned a level 4 spell: Dispel Undead
 58235 | Depths:2 | Noticed Bai Suzhen
 58240 | Depths:2 | Killed Bai Suzhen
 58353 | Depths:2 | Found a shimmering blue altar of Sif Muna.
 58612 | Depths:2 | Found a one-way gate leading to the halls of Pandemonium.
 59369 | Depths:3 | Found a one-way gateway to a ziggurat.
 59594 | Depths:3 | Found a sparkling altar of Nemelex Xobeh.
 60187 | Zig:1    | Entered Level 1 of a ziggurat
 60207 | Zig:2    | Entered Level 2 of a ziggurat
 60223 | Zig:2    | Identified the +5 quarterstaff "Vanel" {venom, rElec Str-3
                  | Int+8 Dex+3}
 60231 | Zig:3    | Entered Level 3 of a ziggurat
 60307 | Zig:4    | Entered Level 4 of a ziggurat
 60323 | Zig:4    | Reached XP level 27. HP: 131/131 MP: 39/48
 60331 | Zig:5    | Entered Level 5 of a ziggurat
 60338 | Zig:5    | Reached skill level 5 in Necromancy
 60385 | Zig:5    | Identified the amulet "Vynunoh" {Faith *Slow Dex+7 Stlth+}
 60390 | Zig:6    | Entered Level 6 of a ziggurat
 60395 | Zig:6    | Noticed a dread lich
 60397 | Zig:6    | Killed a dread lich
 60408 | Zig:6    | Identified the +2 robe of Insurance {Fly Int-2 Slay+3}
 60409 | Zig:6    | Identified the amulet of Trepidation {Reflect rF+ SH+5}
 60415 | Zig:7    | Entered Level 7 of a ziggurat
 60474 | Zig:7    | Identified the ring "Weuxtei" {rC+ Str+5 Dex+3}
 60479 | Zig:7    | Acquired 977 gold pieces
 60485 | Zig:7    | Identified the +2 ring mail "Doyzesell" {rElec rPois rC-
                  | SInv}
 60495 | Zig:8    | Entered Level 8 of a ziggurat
 60542 | Zig:8    | Identified the +6 sling of Judgement {freeze, rPois rF-
                  | Int+4}
 60561 | Zig:9    | Entered Level 9 of a ziggurat
 60626 | Zig:9    | Identified the +2 buckler "Soqor" {rF++ Regen+}
 60683 | Zig:10   | Entered Level 10 of a ziggurat
 60692 | Zig:10   | Found the +4 dagger "Morg" {pain, Will+ Int+5}
 60910 | Zig:10   | Identified the ring "Jestunuy" {rElec rC+ Str-3 Int+6
                  | Slay+2}
 60911 | Zig:10   | Identified the +2 ring mail of Somewhere Else {rElec SInv}
 60952 | Zig:11   | Entered Level 11 of a ziggurat
 61057 | Zig:11   | Identified the ring "Juzal" {rN+ Slay+4}
 61061 | Zig:11   | Identified the +1 pair of boots of Hedge Wizardry {rN++
                  | Slay-2}
 61069 | Zig:11   | Identified the +0 robe of Trial and Error {rC+ Str+2}
 61087 | Zig:12   | Entered Level 12 of a ziggurat
 61161 | Zig:12   | Identified the +6 shortbow of Vanin {freeze, *Slow Int+6
                  | Dex+7}
 61176 | Zig:12   | Identified the +2 chain mail of Fedhas, Winnowing {rPois
                  | Str-3 Dex+9 Stlth+}
 61195 | Zig:13   | Entered Level 13 of a ziggurat
 61207 | Zig:13   | Noticed a royal mummy
 61210 | Zig:13   | Killed a royal mummy
 61210 | Zig:13   | Noticed a royal mummy
 61214 | Zig:13   | Killed a royal mummy
 61461 | Zig:13   | Identified the ring "Ynoniewo" {rPois rF+ rC- Int+5 Stlth+}
 61487 | Zig:14   | Entered Level 14 of a ziggurat
 61494 | Zig:14   | Noticed Erhotys the pandemonium lord
 61497 | Zig:14   | Noticed Talix the pandemonium lord
 61500 | Zig:14   | Killed Erhotys the pandemonium lord
 61510 | Zig:14   | Killed Talix the pandemonium lord
 61514 | Zig:14   | Noticed Teziesaa the pandemonium lord
 61514 | Zig:14   | Noticed Qustrujam the pandemonium lord
 61518 | Zig:14   | Noticed Yneofae the pandemonium lord
 61519 | Zig:14   | Killed Teziesaa the pandemonium lord
 61519 | Zig:14   | Killed Qustrujam the pandemonium lord
 61519 | Zig:14   | Noticed Muiciob the pandemonium lord
 61519 | Zig:14   | Noticed Fobaunen the pandemonium lord
 61523 | Zig:14   | Killed Fobaunen the pandemonium lord
 61524 | Zig:14   | Killed Yneofae the pandemonium lord
 61524 | Zig:14   | Killed Muiciob the pandemonium lord
 61525 | Zig:14   | Reached skill level 10 in Fighting
 61721 | Zig:14   | Identified the +9 long sword "Lifebane" {flame, Str+2}
 61723 | Zig:14   | Identified the +8 spear "Mooclem" {vorpal, rN++}
 61726 | Zig:14   | Got the Cyclopedia of the Freezing Arsonist
 61727 | Zig:14   | Identified the ring "Ypyarr" {Fire *Slow rPois Str+4
                  | Stlth+}
 62116 | Depths:4 | Found a gate to the Realm of Zot.
 62268 | Depths:4 | Noticed a juggernaut
 62273 | Depths:4 | Killed a juggernaut
 62357 | Depths:4 | Found Puamo's Weapon Shoppe.
 62657 | Depths:4 | Found Yvvol's Armour Emporium.
 62747 | Depths:4 | Found Arghic's Jewellery Emporium.
 62790 | Zot:1    | Entered Level 1 of the Realm of Zot
 62792 | Zot:1    | Found the +4 dragonskin cloak
 62792 | Zot:1    | Noticed Tiamat
 62865 | Zot:1    | Killed Tiamat
 62952 | Zot:1    | Identified the +1 scale mail of the Voracious God {rPois
                  | rCorr Dex+2}
 63038 | Zot:1    | Identified the +0 ring mail "Ganadag" {Regen+}
 64411 | Zot:3    | Found a large runed translucent door.
 64412 | Zot:3    | Found a large runed translucent door.
 64420 | Zot:3    | Identified the +3 arbalest of Incongruity {penet, rElec rN+
                  | Int+2}
 64480 | Zot:3    | Identified the +4 longbow of the Candle {vorpal, Will+
                  | SInv}
 64603 | Zot:3    | Found a large runed translucent door.
 64603 | Zot:3    | Found a shimmering altar of Xom.
 64608 | Zot:3    | Found a large runed translucent door.
 64609 | Zot:3    | Found a large runed translucent door.
 64612 | Zot:3    | Found a large runed translucent door.
 64612 | Zot:3    | Identified the +1 great mace of Instant Death {chaos,
                  | +Blink Will+ Str+6}
 64628 | Zot:3    | Found a large runed translucent door.
 64628 | Zot:3    | Found a large runed translucent door.
 64628 | Zot:3    | Identified the +1 ring mail "Pevimus" {+Blink rF+ Will+
                  | Str+4}
 64629 | Zot:3    | Identified the +1 robe of the Bursted God {Rampage Will-
                  | rCorr Str+7}
 64866 | Zot:3    | Found a runed translucent gate.
 64866 | Zot:3    | Found a runed translucent gate.
 64866 | Zot:3    | Found a runed translucent gate.
 64867 | Zot:3    | Noticed Bisin's ghost (master TrFi)
 64878 | Zot:3    | Killed Bisin's ghost
 66255 | Zot:5    | Entered Level 5 of the Realm of Zot
 66695 | Zot:5    | Noticed an orb of fire
 66708 | Zot:4    | Noticed an orb of fire
 66714 | Zot:4    | Killed an orb of fire
 66810 | Zot:5    | Noticed a dread lich
 66811 | Zot:5    | Noticed an orb of fire
 66814 | Zot:4    | Killed an orb of fire
 66916 | Zot:5    | Noticed an orb of fire
 66916 | Zot:5    | Noticed an orb of fire
 66920 | Zot:4    | Killed a dread lich
 66975 | Zot:5    | Killed an orb of fire
 66985 | Zot:5    | Noticed an ancient lich
 66989 | Zot:5    | Killed an ancient lich
 66993 | Zot:4    | Killed an orb of fire
 67199 | Zot:5    | Killed an orb of fire
 67909 | Zot:5    | Got the Orb of Zot
 68331 | D:9      | Noticed Iracac the pandemonium lord
 68453 | D:$      | Escaped with the Orb!

Illustrated notes

Levels and vault maps discovered:
D:1:      ncdulo_halloftheorcs, layout_basic, serial_shops,
          nicolae_shop_behind_doors
D:2:      layout_basic, basic_altar, minmay_misc_feat_square,
          minmay_tree_intersection
D:3:      corexii_shack_village, layout_rooms, good_gods_temple_1,
          chequers_serial_rivers_room_b, uniq_jessica
D:4:      layout_cave_pods, nicolae_shop_self_help
D:5:      layout_rooms
D:6:      gammafunk_steamed_eel, layout_rooms, minmay_pentangle
D:7:      layout_gridville, mainiacjoe_overflow_catwalk_spiral,
          minmay_temple_entry_purple_smoke
D:8:      layout_rooms, nemelex_spade_bored_becter, kennysheep_little_box,
          serial_shops, nicolae_shop_crystal
D:9:      layout_roguey, nicolae_ru_great_annihilating_truth,
          due_lair_maze_entry_diamond, enter_bailey_4, amcnicky_mini_pool_small
D:10:     layout_stronghold, ebering_ghost_funeral_grove, uniq_urug,
          uniq_joseph, uniq_nergalle
D:11:     layout_grid_maze, kennysheep_orc_monster_closet_entryway,
          chequers_serial_rivers_marsh
D:12:     layout_long_grid, serial_shops, shop, nicolae_inconvenience_store,
          gammafunk_ghost_split, chequers_hall_statues_corner_a, minivault_7,
          uniq_maurice, uniq_sonja
D:13:     minmay_s_stair_smasher, layout_basic, david_vaults_4,
          portal_ice_cave_entry_pillars_2, serial_shops, nicolae_lakefront_shop,
          shop, nicolae_shop_hallway_stairs, shop, nicolae_shop_trees
D:14:     minmay_opposing_rooms, layout_irregular_city, nicolae_benzene_ring,
          nicolae_hepliaklqana_monster_ancestors
D:15:     grunt_enter_depths_hoard, layout_basic, serial_shops,
          nicolae_shop_hallway_plus, uniq_azrael
Temple:   zaba_magenta_temple
Lair:1:   layout_hall_layers, minivault_25, infiniplex_staircase_pool,
          serial_bayou_shore_b, grunt_megastairs_2
Lair:2:   layout_roguey, st_stairs_7, minivault_19, serial_bayou_lagoon_a
Lair:3:   layout_small_grid, elwin_shoals_entry_rooms, dummy_snake_entry
Lair:4:   layout_small_grid, cheibrodos_lair_reptile_den
Lair:5:   hangedman_lair_tendril_chambers, layout_gridlike, slime_entry_1,
          roderic_batcave
Shoals:1: layout_shoals
Shoals:2: nicolae_shoals_lighthouse, layout_shoals,
          nicolae_shoals_lost_giant_amphitheater
Shoals:3: nzn_motion_control, layout_shoals, uniq_ilsuiw, uniq_kirke,
          uniq_polyphemus
Shoals:4: shoals_end_simple, layout_shoals, ebering_ghost_inner_flame
Snake:1:  layout_grid_maze, serial_shops, shop, lemuel_fruit_tree
Snake:2:  layout_onion_interference, grunt_ministairs_1, st_stairs_1,
          uniq_roxanne, uniq_vashnia
Snake:3:  layout_onion_interference, nicolae_snake_gridmaze_squiggle, uniq_mara
Snake:4:  grunt_snake_rune_pools, layout_layer_cave, minmay_shop_grove,
          grunt_megastairs_1
Slime:1:  layout_caves
Slime:2:  layout_caves, basic_altar, uniq_donald
Slime:3:  layout_caves
Slime:4:  layout_caves
Slime:5
Orc:1:    layout_caves, uniq_erolcha
Orc:2:    st_orc_town, layout_caves, uniq_snorg, uniq_saint_roka
Elf:1:    layout_loops_corners, infiniplex_enter_wizlab_spiral, serial_shops,
          shop, lemuel_upstairs_altar, minmay_shop_star, uniq_jorgrun,
          uniq_louise, uniq_frances
Elf:2:    nicolae_elf_blades_splatter_lattice [nicolae_blade_entry_pointy_end],
          layout_geoelf_diagonals, gammafunk_ghost_wrathful_warriors,
          minmay_shoptagon
Elf:3:    grunt_elf_hall_spiral, layout_gridlike, serial_shops,
          nicolae_shop_trees
Vaults:1: v_misc_12, ontoclasm_vaults_tryst, nicolae_vaults_hallways_thing,
          st_cells, nicolae_vaults_alarming, nicolae_vaults_mini_display_case,
          vaults_dpeg_ring, v_pattern_1, v_misc_14, vaults_mumra_minichess,
          v_misc_4, ontoclasm_vaults_decontamination, ontoclasm_vaults_gateway,
          nicolae_vaults_rhombus_5, layout_vaults_big_cross
Vaults:2: ontoclasm_vaults_twist, st_octagons_2,
          vaults_mumra_minichess_inversion, v_misc_5, v_misc_18,
          ontoclasm_vaults_ligature, vaults_room_mumra_shop_pool, v_misc_10,
          v_misc_4, v_misc_32, ontoclasm_vaults_idyll, layout_vaults_omnibox
Vaults:3: gammafunk_ghost_spectres, nicolae_vaults_theta,
          ontoclasm_vaults_fault, minmay_crypt_entry_necro_gods,
          grunt_vaults_trifunnel, nicolae_vaults_asterisk, vaults_room_fours,
          nicolae_vaults_quartermaster, nicolae_vaults_little_squares_2,
          vaults_dpeg_hooks, layout_vaults_omnigrid
Vaults:4: hangedman_vaults_stitches, hangedman_vaults_unwind, v_misc_26,
          vaults_room_door_hall, hangedman_vaults_maws,
          ontoclasm_vaults_ring_square, nicolae_vaults_little_squares_1,
          nicolae_vaults_little_squares_2, v_misc_30, vaults_room_hallway,
          nicolae_vaults_little_squares_4, vaults_room_fancy_cross,
          layout_vaults_maze_snakey, serial_shops, bzr_entry_road,
          nicolae_trove_entry_crossroad, uniq_boris
Vaults:5
Depths:1: hellmonk_destroyed_diamonds, layout_honeycomb, wad_floor_pattern_1,
          pf_hell_entry_tar_river, serial_shops, shop, abyss_entry_flame_altar,
          minivault_12, uniq_nikola
Depths:2: minmay_complete_graph, layout_cave_shapes, grunt_pan_entry_in_and_out,
          hell_entry, lemuel_blue_sif_altar, hellmonk_bongcloud_opening,
          minmay_staircase_statues_hall_small, uniq_asterion, uniq_bai_suzhen
Depths:3: grunt_deathspiral_small, layout_honeycomb, enter_ziggurat_d,
          minmay_room_of_horrors, hell_entry, lemuel_crystal_altar, pan_entry
Depths:4: evilmike_zot_entry_diamond, layout_basic, hell_entry,
          rand_demon_pan_entry_3, serial_shops, nicolae_square_shop,
          nicolae_shop_waterfront, nicolae_lakefront_shop, glass_columns_a
Zot:1:    layout_gridlike, hangedman_zot_decor_scrapings, uniq_tiamat
Zot:2:    layout_misc_corridors
Zot:3:    layout_misc_corridors, ebering_ghost_rock_garden,
          hangedman_xom_zot_hilarity
Zot:4:    layout_basic
Zot:5:    layout_basic

Skill      XL: |  1  2  3  4  5  6  7  8  9 10 11 12 13 14 15 16 17 18 19 20 21 22 23 24 25 26 27 |
---------------+----------------------------------------------------------------------------------+-----
Earth Magic    | 4 5 6 7 8 10 11 13 14 15 16 17 18 19 20 21 22 23 24 25 26 27 | 27.0
Conjurations   | 1 2 3 4 5 6 7 8 9 10 11 12 13 14 15 16 17 18 19 21 | 21.0
Spellcasting   | 3 4 5 6 7 8 9 10 11 12 13 14 15 16 17 18 19 20 21 24 | 24.1
Shields        | 3 4 5 6 7 8 9 10 11 14 | 14.8
Fire Magic     | 1 4 7 8 10 11 12 14 15 16 17 18 19 20 21 22 23 25 | 25.6
Dodging        | 3 4 5 6 7 8 9 |  9.9
Fighting       | 1 4 6 8 12 | 12.7
Armour         | 3 5 6 7 8 9 10 11 | 11.3
Necromancy     | 3 4 7 |  7.4
Stealth        | |  2.1
Transmutations | |  0.7

Action                   |  1- 3 |  4- 6 |  7- 9 | 10-12 | 13-15 | 16-18 | 19-21 | 22-24 | 25-27 || total
-------------------------+-------+-------+-------+-------+-------+-------+-------+-------+-------++-------
Melee: Unarmed           |    10 |       |       |       |       |       |       |       |       ||    10
       Club              |       |     6 |     2 |    38 |       |       |       |       |       ||    46
       Staff             |       |       |       |     2 |    16 |     8 |     6 |       |    16 ||    48
 Cast: Sandblast         |    70 |    84 |   169 |   173 |   283 |   107 |    52 |    10 |     3 ||   951
       Stone Arrow       |       |     2 |     4 |   105 |   244 |    21 |     7 |       |       ||   383
       Lee's Rapid Decon |       |       |     2 |    57 |   159 |    82 |   184 |    56 |   158 ||   698
       Iskenderun's Myst |       |       |       |       |    15 |    21 |     1 |     1 |       ||    38
       Petrify           |       |       |       |       |     3 |     3 |       |       |       ||     6
       Iron Shot         |       |       |       |       |     9 |   212 |   178 |   202 |   412 ||  1013
       Fireball          |       |       |       |       |       |   179 |   188 |    61 |    72 ||   500
       Kindle Blastspark |       |       |       |       |       |     1 |       |       |       ||     1
       Starburst         |       |       |       |       |       |     3 |     7 |       |     3 ||    13
       Ignition          |       |       |       |       |       |       |    12 |    43 |    75 ||   130
       Borgnjor's Vile C |       |       |       |       |       |       |     1 |       |     1 ||     2
       Shatter           |       |       |       |       |       |       |       |    40 |    56 ||    96
       Dispel Undead     |       |       |       |       |       |       |       |       |     8 ||     8
       Lehudib's Crystal |       |       |       |       |       |       |       |       |    31 ||    31
Evoke: Wand              |       |       |       |     8 |     2 |       |       |     1 |     1 ||    12
       Condenser vane    |       |       |       |       |     1 |       |       |       |       ||     1
  Use: Scroll            |     2 |     5 |     8 |     6 |     8 |     1 |     9 |     2 |    19 ||    60
       Potion            |       |     2 |     1 |     3 |       |     2 |     5 |     3 |     9 ||    25
 Stab: Paralysed         |       |       |       |     1 |       |       |       |       |       ||     1
Armor: Robe              |     7 |    29 |    53 |    65 |     2 |       |       |       |       ||   156
       Quicksilver drago |       |       |       |       |   161 |   108 |    32 |    42 |    92 ||   435
Dodge: Dodged            |    16 |    29 |   117 |   141 |   192 |    59 |    24 |    25 |   101 ||   704
Block: Other             |       |       |       |     1 |    42 |       |       |       |       ||    43
       Reflection        |       |       |       |       |     1 |       |       |       |     5 ||     6
       Buckler           |       |       |       |       |    24 |    18 |       |       |       ||    42
       Kite shield       |       |       |       |       |       |    57 |    38 |    31 |    30 ||   156
       Tower shield      |       |       |       |       |       |       |       |       |   115 ||   115

Table legend: (Time is in decaauts)
 A = Elapsed time spent in this place.
 B = Non-inter-level travel time spent in this place.
 C = Inter-level travel time spent in this place.
 D = Time resting spent in this place.
 E = Time spent auto-exploring this place.
 F = Levels seen in this place.
 G = Mean time per level.
                   A        B        C        D        E       F      G
               +--------+--------+--------+--------+--------+-----+--------+
         Total |  69106 |  63313 |   5793 |   6827 |  44149 |  72 |  959.8 |
       Dungeon |  17907 |  15661 |   2246 |    586 |  12174 |  15 | 1193.8 |
        Temple |     70 |     54 |     16 |      0 |     41 |   1 |   70.0 |
          Lair |   8303 |   7430 |    873 |    442 |   5873 |   5 | 1660.6 |
        Shoals |   5277 |   5046 |    231 |    565 |   3423 |   4 | 1319.2 |
     Snake Pit |   5689 |   5280 |    409 |    366 |   3939 |   4 | 1422.2 |
    Slime Pits |   1244 |   1171 |     73 |    800 |     95 |   5 |  248.8 |
  Orcish Mines |   2678 |   2539 |    139 |    523 |   1591 |   2 | 1339.0 |
   Elven Halls |   4341 |   4089 |    252 |    449 |   2754 |   3 | 1447.0 |
        Vaults |   8228 |   7438 |    790 |    749 |   5237 |   5 | 1645.6 |
        Depths |   5957 |   5597 |    360 |    509 |   4276 |   4 | 1489.2 |
           Zot |   5127 |   4728 |    399 |    886 |   2958 |   5 | 1025.4 |
      Ziggurat |   1592 |   1592 |      0 |    189 |    947 |  14 |  113.7 |
        Bazaar |    121 |    121 |      0 |      0 |    114 |   1 |  121.0 |
         Trove |     29 |     29 |      0 |      0 |      5 |   1 |   29.0 |
        Bailey |   1180 |   1180 |      0 |    349 |    285 |   1 | 1180.0 |
      Ice Cave |    652 |    652 |      0 |    159 |    350 |   1 |  652.0 |
        Wizlab |    704 |    704 |      0 |    255 |     86 |   1 |  704.0 |
               +--------+--------+--------+--------+--------+-----+--------+

Top non-repeatable levels by time:
    D:11: 2240 daAuts
  Lair:5: 2199 daAuts
 Snake:4: 2190 daAuts
Vaults:4: 1923 daAuts
    D:13: 1894 daAuts
Shoals:2: 1804 daAuts
   Elf:2: 1758 daAuts
    D:10: 1752 daAuts
Vaults:2: 1748 daAuts
Vaults:3: 1730 daAuts
Vaults:1: 1686 daAuts
  Lair:1: 1670 daAuts
  Lair:3: 1670 daAuts
Depths:2: 1637 daAuts
  Lair:2: 1569 daAuts
